 Dungeon Crawl Stone Soup version 0.29.1-1-gd02db6906a (webtiles) character file.

Game seed: 8618861139310678147

186666 croobank the Spry (level 17, -11/110 HPs)
             Began as a Felid Summoner on Oct 16, 2022.
             Was an Initiate of Gozag.
             Killed from afar by an ancient champion (26 damage)
             ... with an iron shot
             ... on level 2 of the Vaults on Oct 17, 2022.
             The game lasted 07:33:59 (69277 turns).

croobank the Spry (Felid Summoner)                 Turns: 69277, Time: 07:34:00

Health: -11/110    AC: 28    Str:  5    XL:     17   Next: 14%
Magic:  12/34      EV: 32    Int: 30    God:    Gozag
Gold:   238        SH:  0    Dex: 18    Spells: 1/41 levels left
                                        Lives:  0   Deaths: 5

rFire   . . .      SeeInvis +   (weapon unavailable)
rCold   . . .      Faith    .   (shield unavailable)
rNeg    + + .      Spirit   .   (body armour unavailable)
rPois   ∞          Reflect  .   (helmet unavailable)
rElec   +          Harm     .   (cloak unavailable)
rCorr   .          Rampage  .   (gloves unavailable)
Will    +++..                   (boots unavailable)
Stlth   ++........              o - amulet of regeneration
HPRegen 1.08/turn               A - ring of willpower
MPRegen 0.24/turn               z - ring "Gon Tyeg" {+Blink rN+ Int+6 Slay+3}

@: statue-form, bribing [the Vaults], very slow
A: slow and powerful, torment resistance 1, boosted hp, very small, claws 1,
fangs 3, see invisible, (speed 1), (shaggy fur 3), stealthy paws, no weapons or
thrown items, no armour, multi-lived, clever 1
}: 2/15 runes: barnacled, gossamer
a: End Transformation, Renounce Religion, Evoke Blink, Potion Petition, Call
Merchant, Bribe Branch


You were on level 2 of the Vaults.
You worshipped Gozag.
Gozag was aware of your devotion.
You were a living statue of rough stone.
You visited 9 branches of the dungeon, and saw 37 of its levels.
You also visited: Volcano.

You collected 14813 gold pieces.
You spent 6001 gold pieces at shops.
You paid 8574 gold pieces to Gozag.

Inventory:

Jewellery
 m - a ring of protection from fire
 o - an amulet of regeneration (around neck)
 p - an amulet of reflection
 t - a ring of ice
 v - a ring of protection from cold
 w - a ring of fire
 z - the ring "Gon Tyeg" (right paw) {+Blink rN+ Int+6 Slay+3}
   (You bought it in a shop on level 1 of the Orcish Mines)

   [ring of intelligence]

   Int:       It affects your intelligence (+6).
   Slay:      It affects your accuracy & damage with ranged weapons and melee
   (+3).
   rN:        It protects you from negative energy.
   +Blink:    It lets you blink.
 A - a ring of willpower (left paw)
 C - a +4 ring of protection
 F - a ring of willpower
 I - a +6 ring of intelligence
 J - a +6 ring of strength
 K - a +6 ring of strength
 L - a ring of wizardry
 M - a ring of resist corrosion
 T - a ring of wizardry
Wands
 k - a wand of digging (6)
 l - a wand of quicksilver (7)
 n - a wand of paralysis (23)
 x - a wand of mindburst (15)
 D - a wand of flame (58)
 E - a wand of iceblast (14)
Scrolls
 c - 5 scrolls of immolation
 e - 28 scrolls of identify
 f - 4 scrolls of butterflies
 i - 2 scrolls of teleportation
 j - a scroll of silence
 q - 8 scrolls of amnesia
 u - 5 scrolls of noise
 y - 2 scrolls of torment
 B - 3 scrolls of poison
 N - 2 scrolls of fear
Potions
 a - 2 potions of curing
 b - 5 potions of attraction
 d - 11 potions of ambrosia
 g - 8 potions of mutation
 h - 2 potions of cancellation
 r - 3 potions of lignification
 s - 7 potions of brilliance
 O - 2 potions of flight
Miscellaneous
 G - a tin of tremorstones (2/2)


   Skills:
 - Level 15.0 Fighting
 - Level 19.0 Dodging
 - Level 3.1 Stealth
 - Level 12.5 Spellcasting
 - Level 7.0 Hexes
 - Level 16.0 Summonings
 - Level 12.0 Necromancy
 - Level 16.0 Translocations
 + Level 13.3 Transmutations
 - Level 7.0 Air Magic
 - Level 8.1 Earth Magic


You had one spell level left.
You knew the following spells:

 Your Spells              Type           Power      Damage    Failure   Level
a - Monstrous Menagerie   Summ           43%        N/A       3%          7
b - Call Imp              Summ           86%        N/A       0%          2
c - Call Canine Familiar  Summ           86%        N/A       0%          3
d - Summon Guardian Gole  Hex/Summ       73%        N/A       1%          3
e - Summon Lightning Spi  Summ/Air       73%        N/A       1%          4
f - Ensorcelled Hibernat  Hex/Ice        78%        N/A       1%          2
g - Statue Form           Tmut/Erth      46%        N/A       4%          6
h - Tukima's Dance        Hex            57%        N/A       1%          3
i - Summon Mana Viper     Hex/Summ       73%        N/A       1%          5
j - Borgnjor's Vile Clut  Necr/Erth      34%        N/A       1%          5

Your spell library contained the following spells:

 Spells                   Type           Power      Damage    Failure   Level
 Apportation              Tloc           100%       N/A       0%          1
 Summon Small Mammal      Summ           100%       N/A       0%          1
 Necrotise                Necr           100%       1d9       1%          1
 Magic Dart               Conj           72%        1d6       2%          1
 Gell's Gravitas          Tloc           86%        N/A       0%          3
 Teleport Other           Tloc           86%        N/A       0%          3
 Passwall                 Tmut/Erth      58%        N/A       1%          2
 Ignite Poison            Fire/Tmut/Pois 45%        N/A       1%          3
 Swiftness                Air            57%        N/A       1%          3
 Cause Fear               Hex            28%        N/A       1%          4
 Dispel Undead            Necr           74%        3d25      1%          4
 Iskenderun's Mystic Bla  Conj/Tloc      61%        2d13      1%          4
 Summon Ice Beast         Ice/Summ       61%        N/A       1%          4
 Blade Hands              Tmut           39%        N/A       1%          5
 Dispersal                Tloc           43%        N/A       1%          6
 Mephitic Cloud           Conj/Pois/Air  32%        N/A       3%          3
 Death Channel            Necr           37%        N/A       3%          6
 Malign Gateway           Summ/Tloc      43%        N/A       3%          7
 Alistair's Intoxication  Tmut/Pois      37%        N/A       4%          5
 Haunt                    Necr/Summ      40%        N/A       8%          7
 Dragon Form              Tmut           39%        N/A       10%         7
 Olgreb's Toxic Radiance  Pois           18%        N/A       26%         4
 Eringya's Noxious Bog    Tmut/Pois      28%        N/A       26%         6
 Disjunction              Tloc           43%        N/A       26%         8
 Freezing Cloud           Conj/Ice/Air   16%        6-21      28%         5
 Spellforged Servitor     Conj/Summ      30%        N/A       65%         7
 Conjure Ball Lightning   Conj/Air       19%        3x3d6     69%         6
 Dragon's Call            Summ           43%        N/A       98%         9
 Ozocubu's Refrigeration  Ice            9%         4d9       100%        7
 Discord                  Hex            28%        N/A       100%        8
 Ignition                 Fire           9%         3d5       100%        8
 Lehudib's Crystal Spear  Conj/Erth      21%        10d6      100%        8
 Portal Projectile        Hex/Tloc       Unusable   N/A       N/A         3
 Animate Dead             Necr           Unusable   N/A       N/A         4
 Corpse Rot               Necr/Pois/Air  Unusable   N/A       N/A         4

Dungeon Overview and Level Annotations

Branches:
Dungeon (15/15)            Temple (1/1) D:6            Lair (5/5) D:10
 Shoals (4/4) Lair:2       Spider (4/4) Lair:3        Slime (1/5) Lair:5
    Orc (2/2) D:12            Elf (3/3) Orc:2        Vaults (2/5) D:14
 Depths (0/4) D:15        Volcano (visited)
  Crypt: Vaults:2-3

Altars:
Ashenzari
Cheibriados
Dithmenos
Elyvilon
Fedhas
Gozag
Hepliaklqana
Kikubaaqudgha
Makhleb
Nemelex Xobeh
Okawaru
Qazlal
Ru
Sif Muna
Trog
Uskayaw
Vehumet
Wu Jian
Xom
Yredelemnul
Zin
The Shining One
Jiyva

Shops:
D:9 :(*   D:12 [   Orc:1 ?=(:   Orc:2 ?=[:(=   Elf:1 !   Elf:2 !   Shoals:1 :
Vaults:2 :


Innate Abilities, Weirdness & Mutations

You are a living statue of rough stone.
Your actions are slow, but your melee attacks are powerful.
You are resistant to unholy torment.
Your maximum health is greatly increased.
You are immune to poison.
You have sharp claws.
You have razor-sharp teeth.
You have supernaturally acute eyesight. (SInv)
((You cover ground quickly. (Speed+)))
((Your thick and shaggy fur keeps you warm. (AC +3, rC+)))
Your paws help you pounce on unaware monsters.
You are incapable of wielding weapons or throwing items.
You cannot wear armour.
You gain extra lives every three experience levels.
Your mind is acute. (Int +4, Str/Dex -1)


Message History

The ancient champion hits your sphinx with a +1 great sword!!
Your sphinx dies!
Your sphinx's corpse disappears in a puff of smoke!
The ancient champion barely misses your manticore.
The ancient champion hits your manticore with a +1 great sword!
What are your orders? t - Meow!
Orders for allies: a - Attack new target. p - Attack previous target. r - Retreat! s - Stop attacking. g - Guard the area. f - Follow me.
Anything else - Cancel.
Gang up on whom?
Press: ? - help, Dir - move target, f/p - ancient champion
Aim: an ancient champion, wielding a +1 great sword and wearing a +0 chain mail (almost destroyed, fast, not watching you, ally target) Attack!
The ancient champion casts a spell at your manticore.
The iron shot hits your manticore!!!
Your manticore dies!
Your manticore's corpse disappears in a puff of smoke!
You claw the ancient champion!
The ancient champion is almost destroyed.
The ancient champion closely misses you.
The ancient champion completely misses you.
You scratch the ancient champion but do no damage.
The ancient champion is almost destroyed.
The ancient champion points at you and mumbles some strange words.
The iron shot hits you!!!
* * * LOW HITPOINT WARNING * * *
The ancient champion misses you.
Okay, then.
Okay, then.
Okay, then.
Okay, then.
Okay, then.
You scratch the ancient champion.
The ancient champion is almost destroyed.
The ancient champion casts a spell at you.
The iron shot hits you!!
You die...
Your body crumbles into a pile of gold.

#############
#..[........#
#..).#.#....#
#...##.##...#
#..##...##..#
#.##.....##[#
#.#...z...#.#
###########.##..8..##.#
.........##..##.).##..#
.#.#.#.#.##...##.##...#
.........##....#.#....#
.#.#.#.#.##...........#
.........#####'########
.#)#.#.#.'..........#
.........#..........#
.#.#.#.#.#..........#


You could see an ancient champion (fast).

Vanquished Creatures
  Nikola (Shoals:1)
  Mlioglotl (Spider:1)
  A deep elf blademaster (Elf:2)
  Ilsuiw (Shoals:2)
  5 ghost moths
  3 emperor scorpions
  2 vault wardens (Vaults:1)
  A deep elf elementalist (Elf:1)
  An ironbound preserver (Vaults:1)
  2 broodmothers
  A deep elf demonologist (Elf:1)
  2 entropy weavers
  4 spark wasps (Spider:4)
  A crystal guardian (Vaults:1)
  A merfolk javelineer (Shoals:3)
  2 deep elf death magi
  2 merfolk impalers
  A boulder beetle (Spider:2)
  An ice dragon (D:14)
  A peacekeeper (Vaults:1)
  3 centaur warriors
  An ironbound frostheart (Vaults:1)
  A radroach (Spider:1)
  A jorogumo (Spider:4)
  A merfolk avatar (Shoals:4)
  A merfolk aquamancer (Shoals:2)
  An alligator snapping turtle (Shoals:1)
  10 dancing weapons
  A tengu warrior (D:15)
  3 satyrs
  6 deep elf knights
  3 pharaoh ants (Spider:2)
  A sun moth (Lair:3)
  8 sea snakes
  3 deep elf archers
  A deep troll (Vaults:2)
  3 orb spiders (Spider:4)
  A wizard (Vaults:2)
  3 steelbarb worms
  A harpy (Vaults:1)
  2 orc knights (Orc:2)
  9 deep elf zephyrmancers
  9 deep elf pyromancers
  9 wolf spiders
  A lindwurm (Vaults:1)
  2 cyclopes
  11 fauns
  2 orc sorcerers
  7 manticores
  2 slime creatures (Vaults:1)
  7 merfolk sirens
  3 moths of wrath
  A centaur zombie (D:13)
  A torpor snail (Spider:2)
  4 yaktaurs (Vaults:1)
  5 demonic crawlers
  A redback zombie (D:13)
  2 freezing wraiths
  A komodo dragon (D:13)
  2 meliai (Spider:3)
  2 trolls
  12 merfolk
  4 hornets (Spider:4)
  2 wind drakes (Shoals:4)
  3 snapping turtles
  13 tarantellas
  An air elemental (Elf:2)
  15 culicivoras
  7 water elementals
  12 jumping spiders
  A wraith (D:13)
  A yak (D:12)
  A wyvern (Lair:5)
  41 redbacks
  A harpy simulacrum (D:14)
  3 wargs
  14 orc warriors
  5 ogres
  3 boggarts (Vaults:1)
  5 centaurs
  2 nameless horrors
  An earth elemental (Elf:1)
  7 electric eels (D:11)
  A crimson imp (Orc:2)
  7 orc priests
  An iron imp (Orc:2)
  11 orc wizards
  2 gnolls (Orc:2)
  A shadow imp (Orc:2)
  A white imp (Orc:2)
  34 orcs
  An endoplasm (D:1)
  A giant cockroach (D:1)
  2 goblins
  A jackal (D:1)
  2 bats (D:1)
  A frilled lizard (D:3)
  A rat (D:2)
391 creatures vanquished.

Vanquished Creatures (collateral kills)
  Bai Suzhen (Spider:4)
  A deep elf blademaster (Elf:2)
  2 sphinxes (Vaults:1)
  Gastronok (D:11)
  Donald (Elf:1)
  A frost giant (D:15)
  3 emperor scorpions
  The ghost of Ness the Skirmisher, a journeyman GnWn of Zin (D:14)
  2 ghost moths
  Aizul (Spider:1)
  2 vault wardens
  3 ironbound preservers (Vaults:1)
  A war gargoyle (Vaults:1)
  3 ironbound thunderhulks (Vaults:1)
  A deep elf demonologist (Elf:3)
  3 entropy weavers
  A deep elf annihilator (Elf:2)
  A spark wasp (Spider:4)
  3 merfolk javelineers (Shoals:4)
  2 deep elf death magi (Elf:2)
  2 yaktaur captains (Vaults:1)
  5 merfolk impalers
  3 hydras
  2 vault guards (Vaults:1)
  A boulder beetle (Spider:2)
  3 merfolk avatars
  5 catoblepae
  An ironbound frostheart (Vaults:1)
  An ogre mage (D:13)
  3 radroaches
  3 two-headed ogres
  Erolcha (D:12)
  An alligator snapping turtle (Shoals:4)
  6 centaur warriors
  2 merfolk aquamancers (Shoals:4)
  A satyr (Shoals:4)
  10 dancing weapons
  4 tengu warriors (D:15)
  3 death yaks
  2 orc high priests
  8 deep elf knights
  5 skeletal warriors
  2 pharaoh ants (Spider:1)
  6 steelbarb worms
  8 sea snakes
  8 deep trolls (Vaults:1)
  A kraken simulacrum (Shoals:4)
  7 orb spiders
  A harpy (shapeshifter) (Elf:2)
  16 harpies
  An ironbound convoker (Vaults:1)
  3 lindwurms
  9 deep elf archers
  9 deep elf zephyrmancers
  3 orc knights
  6 wolf spiders
  2 oklob plants (D:10)
  2 wizards
  A wolf spider zombie (D:13)
  9 fauns
  13 deep elf pyromancers
  12 manticores
  13 ugly things
  A centaur zombie (D:13)
  5 cyclopes
  6 elephants
  2 torpor snails
  7 merfolk sirens
  Joseph (D:9)
  A water nymph (Shoals:2)
  6 vault sentinels
  5 cane toads
  3 demonic crawlers
  An unseen horror (D:11)
  An efreet (D:14)
  A kobold demonologist (D:13)
  2 rime drakes
  7 komodo dragons
  A tengu conjurer (D:15)
  19 yaktaurs
  2 freezing wraiths
  9 merfolk
  6 trolls
  10 slime creatures
  2 polar bears (Lair:3)
  7 wind drakes
  8 tarantellas
  A slime creature (shapeshifter) (D:14)
  6 snapping turtles
  4 blink frogs (Lair:2)
  Sigmund (D:4)
  20 culicivoras
  14 jumping spiders
  45 yaks
  6 water elementals
  A shadow (D:12)
  A human (D:11)
  6 basilisks
  2 wyverns
  4 wraiths
  3 vampires
  A fire elemental (Elf:1)
  13 vampire mosquitoes
  2 steam dragons
  30 redbacks
  A warg (Orc:1)
  An acid dragon (D:13)
  A floating eye (shapeshifter) (D:15)
  28 orc warriors
  5 water moccasins
  2 sky beasts (D:7)
  An ice beast (shapeshifter) (D:13)
  A swamp drake (shapeshifter) (D:14)
  2 black bears
  4 ogres
  A boggart (Vaults:1)
  19 wolves
  5 centaurs
  3 phantoms
  A kobold brigand (D:10)
  10 bullfrogs
  A necrophage (D:2)
  2 scorpions
  3 earth elementals
  2 jellies (D:6)
  3 wights (D:9)
  9 killer bees
  2 hounds
  7 orc priests
  Jessica (D:2)
  3 iguanas
  14 orc wizards
  8 adders
  8 gnolls
  11 white imps
  3 nameless horrors
  An ufetubus (D:5)
  3 worms
  A worm (shapeshifter) (D:15)
  3 dart slugs
  56 orcs
  8 ball pythons
  4 endoplasms
  5 giant cockroaches
  6 goblins
  3 hobgoblins
  11 jackals
  15 kobolds
  3 quokkas
  6 bats
  A frilled lizard (D:2)
  3 rats
  A tentacle (Shoals:4)
803 creatures vanquished.

Vanquished Creatures (others)
  An orc warlord (D:11)
  A merfolk impaler (Shoals:4)
  A great orb of eyes (Vaults:2)
  5 hydras
  2 boulder beetles
  An ironbound frostheart (Vaults:2)
  A jorogumo (Spider:2)
  A catoblepas (Lair:1)
  4 death yaks
  An alligator snapping turtle (Shoals:4)
  A two-headed ogre (D:11)
  A skeletal warrior (D:13)
  A pharaoh ant (Spider:1)
  A sea snake (Shoals:4)
  A wizard (Vaults:2)
  3 harpies (Shoals:4)
  2 deep elf zephyrmancers
  A wolf spider (Spider:1)
  2 ironbound convokers (Vaults:2)
  2 deep elf pyromancers (Elf:1)
  A cyclops (Shoals:4)
  A wolf spider zombie (D:13)
  2 manticores
  An elephant (Lair:5)
  A black mamba (Lair:1)
  A water nymph (Shoals:1)
  A freezing wraith (Vaults:2)
  A komodo dragon (Lair:1)
  2 hornets
  A merfolk (Shoals:4)
  A meliai (Spider:4)
  A tarantella (Spider:1)
  A slime creature (Vaults:1)
  3 culicivoras (Spider:1)
  A nameless horror (Vaults:2)
  A water elemental (Shoals:2)
  14 yaks
  3 wyverns
  A human (D:11)
  A steam dragon (D:7)
  2 basilisks
  8 dancing weapons
  A vampire mosquito (D:11)
  2 redbacks
  2 water moccasins
  2 ice beasts
  5 orc warriors
  A swamp drake (Orc:2)
  A black bear (D:7)
  2 ogres
  4 wolves
  A centaur (D:10)
  A kobold brigand (D:7)
  A bullfrog (Lair:2)
  14 wights
  5 killer bees (D:9)
  A howler monkey (D:9)
  A hound (D:5)
  A gnoll (D:7)
  2 white imps (D:11)
  9 orcs
  28 fungi
  116 plants
  17 tentacles (Shoals:4)
  4 withered plants (D:13)
303 creatures vanquished.

Grand Total: 1497 creatures vanquished

Notes
Turn   | Place    | Note
-------+----------+-------------------------------------------
     0 | D:1      | croobank the Felid Summoner began the quest for the Orb.
     0 | D:1      | Reached XP level 1. HP: 7/7 MP: 4/4
   231 | D:1      | Reached skill level 3 in Dodging
   237 | D:1      | Reached XP level 2. HP: 8/11 MP: 1/6
   240 | D:1      | Learned a level 2 spell: Call Imp
   961 | D:1      | Reached XP level 3. HP: 14/14 MP: 2/7
   965 | D:1      | Learned a level 3 spell: Call Canine Familiar
  1324 | D:1      | Found a faded altar of an unknown god.
  2022 | D:2      | Reached XP level 4. HP: 18/18 MP: 6/9
  2588 | D:2      | Reached skill level 4 in Dodging
  2656 | D:2      | Noticed Jessica
  2666 | D:2      | Slain by Jessica
  2667 | D:2      | Reached XP level 3. HP: -1/14 MP: 6/8
  2682 | D:2      | Killed Jessica
  2736 | D:2      | Got Jessica's Atlas of Spellbinding
  2965 | D:3      | Reached XP level 4. HP: 18/18 MP: 6/9
  3763 | D:3      | Noticed a necrophage
  3879 | D:2      | Killed a necrophage
  3880 | D:2      | Reached skill level 5 in Summonings
  3880 | D:2      | Reached XP level 5. HP: 13/21 MP: 2/11
  3988 | D:2      | Learned a level 3 spell: Summon Guardian Golem
  4167 | D:4      | Reached skill level 5 in Dodging
  4190 | D:4      | Reached skill level 1 in Hexes
  4646 | D:4      | Noticed Sigmund
  4661 | D:4      | Killed Sigmund
  4662 | D:4      | Reached skill level 1 in Fighting
  4662 | D:4      | Gained mutation: You are covered in thick fur. (AC +2)
                  | [Felid growth]
  4662 | D:4      | Reached XP level 6. HP: 9/25 MP: 3/12
  4864 | D:4      | Found a large runed translucent door.
  4866 | D:4      | Found a large runed translucent door.
  5340 | D:4      | Reached XP level 7. HP: 30/30 MP: 7/14
  5399 | D:4      | Learned a level 4 spell: Summon Lightning Spire
  5617 | D:4      | Identified the +1 ring mail of the Last Blessings {rC+}
  5772 | D:4      | Found a shimmering blue altar of Sif Muna.
  5784 | D:4      | Reached skill level 6 in Dodging
  6185 | D:5      | Entered Level 5 of the Dungeon
  6487 | D:5      | Reached XP level 8. HP: 34/34 MP: 9/15
  6750 | D:5      | Identified the +4 scale mail of Fioshryss {Dex+2}
  6899 | D:5      | Reached skill level 5 in Hexes
  7482 | D:6      | Learned a level 2 spell: Ensorcelled Hibernation
  7540 | D:6      | Reached skill level 7 in Dodging
  7540 | D:6      | Reached skill level 1 in Air Magic
  7908 | D:6      | Found a staircase to the Ecumenical Temple.
  8400 | D:7      | Reached skill level 5 in Spellcasting
  9032 | D:7      | Reached XP level 9. HP: 31/39 MP: 4/18
  9614 | D:7      | Reached skill level 8 in Dodging
  9724 | D:7      | Found a hide-covered altar of Uskayaw.
  9937 | D:7      | Found a radiant altar of Vehumet.
 10240 | D:7      | Reached skill level 5 in Fighting
 10384 | Temple   | Entered the Ecumenical Temple
 10428 | Temple   | Became a worshipper of Gozag Ym Sagoz the Greedy
 11217 | D:8      | Found an iron altar of Okawaru.
 11582 | D:8      | Reached skill level 9 in Dodging
 11891 | D:8      | Reached XP level 10. HP: 44/44 MP: 2/20
 12321 | D:9      | Found Vaifatze's Weapon Emporium.
 13840 | D:9      | Found Ibbat's Book Shoppe.
 13847 | D:9      | Bought the Disquisition on Earthen Superposition for 690
                  | gold pieces
 13895 | D:9      | Found a shadowy altar of Dithmenos.
 13898 | D:9      | Noticed Joseph
 13914 | D:9      | Killed Joseph
 13994 | D:9      | Found a glowing golden altar of the Shining One.
 13995 | D:9      | Found a glowing silver altar of Zin.
 14060 | D:9      | Found Uzin Ips's General Store.
 14069 | D:9      | Bought a potion of curing for 30 gold pieces
 14069 | D:9      | Bought a potion of curing for 30 gold pieces
 14069 | D:9      | Bought a scroll of identify for 20 gold pieces
 14204 | D:10     | Entered Level 10 of the Dungeon
 14217 | D:10     | Found a staircase to the Lair.
 14217 | D:10     | Noticed an oklob plant
 14217 | D:10     | Noticed an oklob plant
 14248 | D:10     | Killed an oklob plant
 14249 | D:10     | Reached skill level 10 in Dodging
 14249 | D:10     | Reached skill level 5 in Air Magic
 14269 | D:10     | Killed an oklob plant
 14454 | D:10     | Noticed a cyan ugly thing
 14474 | D:10     | Killed a cyan ugly thing
 14592 | D:10     | Reached XP level 11. HP: 49/49 MP: 11/22
 14780 | D:10     | Found a bloodstained altar of Trog.
 15183 | D:11     | Noticed Gastronok
 15210 | Lair:1   | Entered Level 1 of the Lair of Beasts
 15224 | Lair:1   | Noticed a catoblepas
 15379 | Lair:1   | Killed a catoblepas
 15380 | Lair:1   | Reached skill level 1 in Transmutations
 15380 | Lair:1   | Reached skill level 1 in Earth Magic
 15543 | Lair:1   | Gained mutation: Your mind is acute. (Int +4, Str/Dex -1)
                  | [potion of mutation]
 16269 | Lair:1   | Reached skill level 11 in Dodging
 16690 | Lair:2   | Found a staircase to the Shoals.
 16922 | Lair:2   | Noticed a boulder beetle
 17724 | Lair:2   | Killed a boulder beetle
 18042 | Lair:3   | Noticed a wolf spider
 18051 | Lair:3   | Killed a wolf spider
 18102 | Lair:3   | Found a hole to the Spider Nest.
 18174 | Lair:3   | Gained mutation: Your thick and shaggy fur keeps you warm.
                  | (AC +3, rC+) [Felid growth]
 18174 | Lair:3   | Reached XP level 12. HP: 55/55 MP: 14/25
 18696 | Lair:3   | Found a dark tunnel.
 18703 | Volcano  | Entered a volcano
 19094 | Lair:3   | Noticed a boulder beetle
 19116 | Lair:3   | Killed a boulder beetle
 19649 | Lair:4   | Reached skill level 12 in Dodging
 19860 | Lair:4   | Reached skill level 5 in Transmutations
 19993 | Lair:4   | Identified a scroll of acquirement
 19994 | Lair:4   | Acquired a ring of willpower
 20032 | Lair:4   | Reached skill level 10 in Summonings
 20178 | Lair:4   | Found a shimmering altar of Xom.
 20467 | Lair:5   | Entered Level 5 of the Lair of Beasts
 20467 | Lair:5   | Noticed a six-headed hydra
 20469 | Lair:5   | Noticed a four-headed hydra
 20489 | Lair:5   | Killed a four-headed hydra
 20503 | Lair:5   | Killed a six-headed hydra
 21195 | Lair:5   | Reached skill level 5 in Earth Magic
 21195 | Lair:5   | Noticed a five-headed hydra
 21205 | Lair:5   | Killed a five-headed hydra
 21381 | Lair:5   | Noticed a seven-headed hydra
 21393 | Lair:5   | Killed a seven-headed hydra
 21394 | Lair:5   | Reached XP level 13. HP: 60/60 MP: 19/27
 21692 | Lair:5   | Reached skill level 13 in Dodging
 22073 | Lair:5   | Found a viscous altar of Jiyva.
 22074 | Lair:5   | Found a staircase to the Slime Pits.
 23400 | Lair:4   | Reached skill level 10 in Fighting
 24150 | D:11     | Found an iron altar of Okawaru.
 24177 | D:11     | Reached skill level 10 in Spellcasting
 24449 | D:11     | Killed Gastronok
 24455 | D:11     | Reached skill level 14 in Dodging
 25787 | D:12     | Reached XP level 14. HP: 33/66 MP: 26/29
 25919 | D:12     | Noticed Erolcha
 25947 | D:12     | Killed Erolcha
 26296 | D:12     | Found Cashriafi's Armour Shoppe.
 26298 | D:12     | Found a staircase to the Orcish Mines.
 27005 | Orc:1    | Entered Level 1 of the Orcish Mines
 27297 | D:12     | Learned a level 6 spell: Statue Form
 27301 | D:12     | Learned a level 3 spell: Tukima's Dance
 27314 | Orc:1    | Noticed an orc warlord
 27460 | D:11     | Killed an orc warlord
 28835 | Orc:2    | Entered Level 2 of the Orcish Mines
 28966 | Orc:1    | You fall into a shaft and drop 1 floor!
 28977 | Orc:1    | Found Kyfues's Antique Weapon Shoppe.
 29015 | Orc:1    | Found Demael's Magic Scroll Shoppe.
 29024 | Orc:1    | Bought a scroll of identify for 28 gold pieces
 29041 | Orc:1    | Found Janul's Jewellery Boutique.
 29110 | Orc:1    | Bought the ring "Gon Tyeg" {+Blink rN+ Int+6 Slay+3} for
                  | 1135 gold pieces
 29154 | Orc:1    | Found Axzul's Book Shoppe.
 29157 | Orc:1    | Bought a book of Unlife for 648 gold pieces
 29157 | Orc:1    | Bought a book of Beasts for 684 gold pieces
 29163 | Orc:1    | Learned a level 5 spell: Summon Mana Viper
 29216 | Orc:1    | Bought a book of Decay for 612 gold pieces
 30299 | Orc:2    | Reached skill level 15 in Dodging
 31081 | Orc:2    | Found a staircase to the Elven Halls.
 31093 | Orc:2    | Found Onwuchue's Jewellery Shop.
 31096 | Elf:1    | Entered Level 1 of the Elven Halls
 31221 | Orc:2    | Found Qotujys's Magic Scroll Shoppe.
 31229 | Orc:2    | Bought a scroll of amnesia for 72 gold pieces
 31229 | Orc:2    | Bought a scroll of identify for 36 gold pieces
 31229 | Orc:2    | Bought a scroll of identify for 36 gold pieces
 31229 | Orc:2    | Bought a scroll of summoning for 171 gold pieces
 31559 | Orc:2    | Found Qeathrid's Book Emporium.
 31559 | Orc:2    | Found Qosem's Antique Armour Boutique.
 31561 | Orc:2    | Found Fohevemp's Jewellery Shop.
 31563 | Orc:2    | Found Edghoaboi's Weapon Shoppe.
 31570 | Orc:2    | Bought a +6 ring of intelligence for 540 gold pieces
 31755 | Orc:2    | Bought a scroll of magic mapping for 135 gold pieces
 32033 | Elf:1    | Found Caemum's Distillery.
 32036 | Elf:1    | Noticed a deep elf elementalist
 32129 | Elf:1    | Noticed Donald
 32133 | Elf:1    | Killed Donald
 32134 | Elf:1    | Reached skill level 10 in Transmutations
 32237 | Elf:1    | Bought a potion of magic for 104 gold pieces
 32435 | Spider:1 | Entered Level 1 of the Spider Nest
 32464 | Spider:1 | HP: 3/88 [sun moth (18)]
 32473 | Spider:1 | HP: 3/88 [disintegration (25)]
 32475 | Spider:1 | Mangled by a culicivora
 32476 | Spider:1 | Reached XP level 13. HP: -6/83 MP: 23/28
 32512 | Spider:1 | Noticed an entropy weaver
 32519 | Spider:1 | Killed an entropy weaver
 32650 | Spider:1 | Reached XP level 14. HP: 22/68 MP: 1/29
 32838 | Spider:1 | Reached skill level 16 in Dodging
 32914 | Spider:1 | Noticed Mlioglotl
 32940 | Spider:1 | Killed Mlioglotl
 33306 | Slime:1  | Entered Level 1 of the Pits of Slime
 33314 | Slime:1  | Noticed an acid blob
 33813 | Spider:1 | Noticed Aizul
 33825 | Spider:1 | Killed Aizul
 34609 | Spider:2 | Noticed a ghost moth
 34620 | Spider:1 | Killed a ghost moth
 36094 | Spider:2 | Noticed a broodmother
 36866 | Spider:1 | Killed a broodmother
 36999 | Spider:2 | Learned a level 5 spell: Borgnjor's Vile Clutch
 37225 | Spider:3 | Noticed a ghost moth
 37235 | Spider:2 | Noticed an emperor scorpion
 37238 | Spider:2 | Reached skill level 1 in Necromancy
 37238 | Spider:2 | Reached XP level 15. HP: 73/73 MP: 9/30
 37251 | Spider:2 | Killed an emperor scorpion
 37492 | Spider:2 | Reached skill level 17 in Dodging
 38306 | Spider:3 | Slain by a culicivora
 38307 | Spider:3 | Reached XP level 14. HP: -1/69 MP: 0/30
 38412 | Spider:2 | Acquired 1179 gold pieces
 38654 | Orc:1    | Bought a +6 ring of strength for 612 gold pieces
 39229 | Spider:3 | Killed a ghost moth
 39239 | Spider:3 | Acquired a book of Burglary
 40031 | Spider:4 | Entered Level 4 of the Spider Nest
 40485 | Spider:4 | Noticed an emperor scorpion
 40494 | Spider:4 | Killed an emperor scorpion
 40583 | Spider:4 | Noticed Bai Suzhen
 41165 | Spider:4 | Noticed a broodmother
 41179 | Spider:4 | Killed a broodmother
 41419 | Spider:4 | Noticed a ghost moth
 41423 | Spider:4 | Killed a ghost moth
 41877 | Spider:4 | Noticed a ghost moth
 41888 | Spider:4 | Killed a ghost moth
 42375 | Spider:4 | Reached XP level 15. HP: 74/74 MP: 6/31
 43365 | Spider:4 | Reached skill level 5 in Necromancy
 43547 | Spider:4 | Killed Bai Suzhen
 43548 | Spider:4 | Reached skill level 18 in Dodging
 43998 | Spider:4 | Noticed an emperor scorpion
 44000 | Spider:4 | Noticed an emperor scorpion
 44002 | Spider:4 | Noticed an emperor scorpion
 44004 | Spider:4 | Noticed an emperor scorpion
 44051 | Spider:4 | Killed an emperor scorpion
 44328 | Spider:3 | Killed an emperor scorpion
 44548 | Spider:3 | Killed an emperor scorpion
 44733 | Spider:4 | Killed an emperor scorpion
 44889 | Spider:4 | Got a gossamer rune of Zot
 45819 | Shoals:1 | Entered Level 1 of the Shoals
 46107 | Shoals:1 | Found Jukk's Book Boutique.
 46113 | Shoals:1 | Identified the +4 chain mail of Fax Reoj {rN++ Int-5}
 46740 | Shoals:1 | Noticed Nikola
 46749 | Shoals:1 | HP: 1/97 [Nikola/arc of chain lightning (31)]
 46761 | Shoals:1 | Killed Nikola
 46828 | Shoals:1 | Got the Precepts of Necromancy and the Blaze
 47708 | Shoals:2 | Noticed Ilsuiw
 47752 | Shoals:2 | Reached XP level 16. HP: 79/79 MP: 5/33
 48090 | Shoals:2 | Killed Ilsuiw
 48185 | Shoals:2 | Reached skill level 19 in Dodging
 48709 | Shoals:2 | Identified the +1 leather armour "Biywutuk" {Rampage Fly
                  | rF- rN++}
 48720 | Shoals:2 | Found a bloodstained altar of Trog.
 48949 | Shoals:2 | Found a burning altar of Makhleb.
 50055 | Shoals:3 | Reached skill level 15 in Fighting
 50565 | Shoals:4 | Entered Level 4 of the Shoals
 50632 | Shoals:4 | Acquired a ring of protection from fire
 50752 | Shoals:4 | Learned a level 7 spell: Monstrous Menagerie
 51460 | Shoals:4 | Found the +5 sword of Power {vorpal}
 51949 | Shoals:4 | Identified the +9 rapier of Efupn {elec, rC- Str+6 Int+4}
 52410 | Shoals:4 | Reached XP level 17. HP: 85/85 MP: 10/34
 52481 | Shoals:4 | Reached skill level 15 in Summonings
 52742 | Shoals:4 | Got a barnacled rune of Zot
 53564 | D:13     | Identified the +9 battleaxe "Widowmaker" {drain, rElec rF+
                  | rC+}
 54446 | D:14     | Found a runed translucent gate.
 54446 | D:14     | Found a runed translucent gate.
 54446 | D:14     | Found a runed translucent gate.
 54450 | D:14     | Noticed Ness's ghost (journeyman GnWn)
 55836 | D:14     | Found a gate to the Vaults.
 56119 | D:15     | Entered Level 15 of the Dungeon
 56858 | D:15     | Reached skill level 10 in Necromancy
 57022 | D:15     | Found a staircase to the Depths.
 58739 | Elf:1    | Got the Spellbook of Fatigue
 59609 | Elf:2    | Found Ukaenant's Distillery.
 59617 | Elf:2    | Bought a potion of cancellation for 168 gold pieces
 60120 | Elf:2    | Found a runed translucent gate.
 60121 | Elf:2    | Found a runed translucent gate.
 60121 | Elf:2    | Found a runed translucent gate.
 60303 | Elf:2    | Reached skill level 1 in Translocations
 60950 | Elf:2    | Paralysed by an air elemental for 1 turns
 61142 | Elf:2    | Reached skill level 5 in Translocations
 61407 | Vaults:1 | Entered Level 1 of the Vaults
 61424 | Vaults:1 | Reached XP level 18. HP: 31/89 MP: 12/35
 62383 | Vaults:1 | Reached skill level 10 in Translocations
 62616 | Vaults:1 | Killed from afar by an ironbound thunderhulk
 62617 | Vaults:1 | Reached XP level 17. HP: -20/85 MP: 19/34
 62863 | Vaults:2 | Found Rog Tat's Book Emporium.
 63691 | Orc:1    | Bought a scroll of teleportation for 42 gold pieces
 64310 | Elf:2    | Noticed a deep elf blademaster
 64324 | Elf:2    | Killed a deep elf blademaster
 64478 | Elf:2    | Reached skill level 15 in Translocations
 65038 | Elf:3    | Entered Level 3 of the Elven Halls
 65268 | Elf:3    | Noticed a deep elf blademaster
 65268 | Elf:3    | Noticed a deep elf master archer
 65289 | Elf:3    | Killed a deep elf blademaster
 65753 | Elf:2    | Killed a ghostly deep elf blademaster
 66334 | Elf:3    | Killed from afar by a deep elf annihilator
 66335 | Elf:3    | Reached XP level 16. HP: -10/105 MP: 29/33
 66954 | D:4      | Found a blossoming altar of Fedhas.
 66967 | D:4      | Found a broken altar of Ashenzari.
 67206 | D:14     | Killed Ness's ghost
 67207 | D:14     | Reached XP level 17. HP: 85/85 MP: 8/34
 68513 | Vaults:2 | HP: 2/85 [wizard/fireball (38)]
 68781 | Elf:1    | Bought a potion of cancellation for 104 gold pieces
 68781 | Elf:1    | Bought a potion of cancellation for 104 gold pieces
 69277 | Vaults:2 | Killed from afar by an ancient champion

Illustrated notes

Levels and vault maps discovered:
D:1:      dpeg_arrival_short_road, layout_basic,
          ebering_ecumenical_altar_sacrificial, st_stairs_3, minmay_tetromino_t2
D:2:      layout_rooms, kennysheep_jessica_study
D:3:      cheibrodos_helix_gallery, layout_basic, feat_on_display
D:4:      layout_basic, led_sif_book, jmf_multi_god_temple2, serial_curves,
          eino_curves_02, eino_curves_03, minmay_unequal, uniq_sigmund
D:5:      layout_cave_pods, serial_bayou_lagoon_a, dreamdust_wishing_well,
          minmay_holes
D:6:      layout_gridville, minmay_temple_entry_statues
D:7:      layout_basic, mainiacjoe_overflow_brackets,
          mainiacjoe_overflow_six_doors_small, grunt_decor_one_mirror
D:8:      layout_basic, kennysheep_little_box
D:9:      layout_cave_pools, chequers_temple_overflow_statue_of_worship,
          serial_shops, nicolae_lakefront_shop,
          nicolae_shop_bloodbath_and_beyond, shop, grunt_decor_resistance,
          uniq_joseph
D:10:     layout_cave_pools, amcnicky_altar_gilded, dpeg_oklobed_lair
D:11:     statuecave_lemuel, layout_basic, portal_ice_cave_entry_imps,
          minmay_stone_trees_small, minivault_23, okawaru_humans, uniq_gastronok
D:12:     layout_stronghold, orc_david_3, uniq_erolcha
D:13:     layout_roguey, serial_undead, serial_undead_e, serial_undead_c,
          serial_undead_b, serial_undead_f, minmay_pinched_square
D:14:     layout_grid_maze, david_vaults_4, ebering_ghost_rock_garden,
          infiniplex_staircase_pillars_3a, gauntlet_entry_generic,
          onia_ninara_dug_in_and_dangerous
D:15:     grunt_enter_depths_snipers, layout_basic
Temple:   nicolae_temple_hex_pool
Lair:1:   layout_small_grid
Lair:2:   wander_river, layout_chaotic_city, shoals_dummy_entry
Lair:3:   layout_regular_city, spider_nest_entry_funnel_web,
          nicolae_volcano_entry_two_sided
Lair:4:   layout_roguey, basic_altar
Lair:5:   evilmike_catoblepas_cave, layout_cave_shapes,
          dpeg_slime_entry_enclosed
Shoals:1: layout_shoals, serial_shops, nicolae_shop_advertising_works
          [nicolae_subvault_shop_adworks], uniq_nikola
Shoals:2: layout_shoals, hangedman_feature_mirror, uniq_ilsuiw
Shoals:3: layout_shoals
Shoals:4: shoals_end_grunt_ice, layout_shoals
Spider:1: layout_spider_delve, uniq_aizul, uniq_mlioglotl
Spider:2: layout_spider_delve, nicolae_spider_cling_ruins
Spider:3: layout_spider_delve, hangedman_spider_mandibles
Spider:4: spider_rune_water, uniq_bai_suzhen
Slime:1:  layout_caves
Orc:1:    layout_diamond_mine, basic_altar, serial_shops, shop_statue, shop,
          nicolae_shop_behind_doors, shop, special_room [special_room_orc]
Orc:2:    st_orc_rangers, layout_diamond_mine, serial_shops,
          nicolae_diamond_shop, shop_coins, hangedman_minor_magic
Elf:1:    eino_elf_arrival_sip, layout_rooms, serial_shops, shop,
          minmay_elf_demonology, hangedman_decor_cross_pass, uniq_donald
Elf:2:    nicolae_elf_blades_crystal_corner, layout_onion_city, serial_shops,
          shop
Elf:3:    grunt_elf_hall_branching, layout_gridlike, serial_glass,
          glass_columns_b, glass_columns_a
Vaults:1: v_misc_15, nicolae_vaults_network_star, v_alt_pattern_2,
          vaults_dpeg_diagonal, ontoclasm_vaults_pinch, dpeg_vaults_monster_box,
          nicolae_vaults_rhombus_5, vaults_dpeg_emergency_exit,
          layout_vaults_omnigrid
Vaults:2: hangedman_vaults_hat, grunt_vaults_diagonal,
          nicolae_vaults_fighting_squares, grunt_vaults_funnel,
          hangedman_vaults_cutoff, ontoclasm_vaults_spin,
          minmay_crypt_entry_simple_box, ontoclasm_vaults_loading_screen,
          v_misc_12, v_alt_pattern_1, nicolae_vaults_angled_halls,
          vaults_standard_mumra_enter_the_diamond, layout_vaults_omnibox,
          serial_shops, nicolae_shop_stone

Skill      XL: |  1  2  3  4  5  6  7  8  9 10 11 12 13 14 15 16 17 18 |
---------------+-------------------------------------------------------+-----
Stealth        | 3 |  3.1
Dodging        | 3 4 5 6 7 9 10 11 12 14 16 18 19 | 19.0
Spellcasting   | 3 4 5 6 7 8 9 10 12 | 12.5
Summonings     | 5 6 7 8 9 10 12 14 16 | 16.0
Hexes          | 2 4 6 7 |  7.0
Fighting       | 1 2 3 4 5 6 7 9 10 13 14 15 | 15.0
Air Magic      | 2 3 5 6 7 |  7.0
Transmutations | 3 6 8 12 13 | 13.3
Earth Magic    | 3 5 7 8 |  8.1
Necromancy     | 4 5 8 12 | 12.0
Translocations | 16 10 | 16.0

Action                   |  1- 3 |  4- 6 |  7- 9 | 10-12 | 13-15 | 16-18 || total
-------------------------+-------+-------+-------+-------+-------+-------++-------
Melee: Unarmed           |    23 |    19 |    19 |    28 |  1065 |   528 ||  1682
       Bite              |     3 |     3 |     3 |     6 |   202 |    97 ||   314
       Punch             |     2 |       |       |       |    18 |     8 ||    28
 Cast: Summon Small Mamm |    52 |    40 |    70 |    77 |    52 |       ||   291
       Call Imp          |    11 |    14 |    25 |    32 |    27 |     1 ||   110
       Call Canine Famil |    10 |    19 |    47 |    55 |    80 |     8 ||   219
       Summon Guardian G |       |     1 |    36 |    59 |    88 |    14 ||   198
       Summon Lightning  |       |       |     6 |    88 |   143 |   101 ||   338
       Ensorcelled Hiber |       |       |     3 |     1 |     9 |       ||    13
       Statue Form       |       |       |       |       |   148 |   143 ||   291
       Summon Mana Viper |       |       |       |       |   115 |    96 ||   211
       Tukima's Dance    |       |       |       |       |    71 |       ||    71
       Borgnjor's Vile C |       |       |       |       |   115 |    42 ||   157
       Monstrous Menager |       |       |       |       |       |   204 ||   204
Invok: Potion Petition   |       |       |       |       |    11 |     3 ||    14
       Bribe Branch      |       |       |       |       |       |     1 ||     1
 Abil: Evoke Blink       |       |       |       |       |     4 |     1 ||     5
       End Transformatio |       |       |       |       |       |     1 ||     1
Evoke: Wand              |       |       |       |     4 |    23 |     4 ||    31
  Use: Potion            |     1 |       |     1 |     2 |    33 |    12 ||    49
       Scroll            |       |    10 |     5 |    14 |    27 |    12 ||    68
 Stab: Sleeping          |     2 |       |       |       |     3 |     1 ||     6
       Distracted        |       |       |     2 |     2 |    12 |    13 ||    29
       Invisible         |       |       |       |       |     3 |       ||     3
Armor: Skin              |     4 |       |     4 |     6 |   916 |   374 ||  1304
Dodge: Dodged            |    56 |    19 |    46 |   229 |  4465 |  1861 ||  6676
